 Dungeon Crawl Stone Soup version 0.31-a0-1620-gcbf77bbcfc (webtiles) character file.

Game seed: 9794287523240603082

963 senseless the Changeling (level 7, -2/60 HPs)
             Began as a Demigod Shapeshifter on Jan 11, 2024.
             Slain by an orc
             ... wielding a +0 flail of protection
              (9 damage)
             ... on level 6 of the Dungeon.
             The game lasted 00:12:07 (4853 turns).

senseless the Changeling (Demigod Shapeshifter)     Turns: 4853, Time: 00:12:08

Health: -2/60      AC:  3    Str: 19    XL:     7   Next: 61%
Magic:  9/9        EV: 13    Int: 12    God:
Gold:   272        SH:  0    Dex: 17    Spells: 6/6 levels left

rFire   . .          .
                       - Unarmed
rCold   . . .        (no shield)
rNeg    . . .        q - +0 leather armour
rPois   .            (helmet currently unavailable)
rElec   .            (cloak currently unavailable)
rCorr   .            (gloves currently unavailable)
SInv    .            (boots currently unavailable)
Will    .....        e - amulet of regeneration
Stlth   +            (no ring)
HPRegen 1.10/turn    (no ring)
MPRegen 0.11/turn

%: no passive effects
@: beast-form
A: beast (slay +2), high MP 1, forlorn, divine attributes
a: Begin Untransformation


You were on level 6 of the Dungeon.
You were a hulking beast.
You visited 1 branch of the dungeon, and saw 6 of its levels.

You collected 272 gold pieces.

Inventory:

Missiles
 h - 3 poisoned darts (quivered)
 u - 5 javelins
Armour
 a - a +0 animal skin
 q - a +0 leather armour (worn)
 r - a +0 helmet
Jewellery
 e - an amulet of regeneration (around neck)
Talismans
 c - a beast talisman
 d - a flux talisman
Wands
 v - a wand of charming (4)
Scrolls
 f - a scroll of identify
 g - a scroll of teleportation
Potions
 b - a potion of lignification
 i - a potion of mutation
 j - a potion of degeneration {unknown}
 l - 2 potions of might
 m - 3 potions of curing
 p - a potion of attraction
 s - 2 potions of brilliance
 t - a potion of invisibility


   Skills:
 * Level 4.3 Fighting
 + Level 3.7 Dodging
 + Level 4.2 Unarmed Combat
 + Level 2.6 Evocations
 * Level 4.7 Shapeshifting


You had 6 spell levels left.
You didn't know any spells.
Your spell library contained the following spells:

 Spells                   Type           Power      Damage    Failure   Level
 Mercury Vapours          Alch/Air       0%         N/A       52%         2
 Mephitic Cloud           Conj/Alch/Air  0%         N/A       75%         3
 Freezing Cloud           Conj/Ice/Air   0%         6-21      100%        5


Dungeon Overview and Level Annotations

Branches:
Dungeon (6/15)             Temple (0/1) D:4

Shops:
D:6 (

Annotations:
D:3 3 runed translucent doors, Pi314's ghost, amateur DsFE


Innate Abilities, Weirdness & Mutations

You are a hulking beast.
Your limbs bulge with bestial killing power. (Slay +2)
You have an increased reservoir of magic. (+10% MP)
You shall have no god before yourself.
Your divine heritage dramatically boosts your attributes as you level up.


Message History

You hit the orc priest.
The orc priest is severely wounded.
The orc closely misses you. The orc misses you.
The orc priest closely misses you.
You closely miss the orc priest.
The orc priest is severely wounded.
The orc hits you with a +0 flail of protection.
The orc hits you with a +0 whip.
* * * LOW HITPOINT WARNING * * *
The orc priest invokes the aid of Beogh against you.
Beogh smites you!
* * * LOW HITPOINT WARNING * * *
You feel much better.
The orc priest hits you with a +0 falchion.
The orc misses you. The orc hits you with a +0 whip.
You closely miss the orc priest.
The orc priest is severely wounded.
The orc priest barely misses you. The orc barely misses you.
The orc hits you with a +0 whip.
You closely miss the orc priest.
The orc priest is severely wounded.
The orc closely misses you. The orc barely misses you.
The orc priest hits you with a +0 falchion.
* * * LOW HITPOINT WARNING * * *
You hit the orc priest.
You kill the orc priest!
The orc barely misses you.
The orc hits you with a +0 flail of protection.
* * * LOW HITPOINT WARNING * * *
You hit the orc.
The orc is moderately wounded.
The orc hits you with a +0 whip.
* * * LOW HITPOINT WARNING * * *
The orc hits you with a +0 flail of protection.
* * * LOW HITPOINT WARNING * * *
You barely miss the orc.
The orc is moderately wounded.
The orc barely misses you.
The orc hits you with a +0 flail of protection!
You die...

#..........# #######
#..........' .......
+..........# .......
#..........# .......
#..........#
.......##+###..........#
.......<.....######.....
..$...o.....># #.....
......oh.....# #.....
......)......# #.....
.............# #.....
.............# #.....
.............# #.....
############## ######


You could see 2 orcs.

Vanquished Creatures
  An ogre (D:4)
  A centaur (D:5)
  A phantom (D:4)
  A scorpion (D:5)
  A howler monkey (D:5)
  3 bombardier beetles (D:5)
  2 hounds
  3 orc priests
  A sleepcap (D:5)
  3 iguanas
  3 orc wizards
  5 adders
  3 gnolls (D:4)
  A shadow imp (D:5)
  2 ufetubi (D:5)
  14 orcs
  A bat (D:1)
  2 endoplasms
  3 giant cockroaches
  8 goblins
  6 hobgoblins
  6 jackals
  5 kobolds
  4 quokkas
  5 ball pythons
  3 frilled lizards
  7 rats
95 creatures vanquished.

Vanquished Creatures (others)
  An orc wizard (D:3)
1 creature vanquished.

Grand Total: 96 creatures vanquished

Notes
Turn   | Place    | Note
-------+----------+-------------------------------------------
     0 | D:1      | senseless the Demigod Shapeshifter began the quest for the
                  | Orb.
     0 | D:1      | Reached XP level 1. HP: 15/15 MP: 3/3
    63 | D:1      | Reached skill level 1 in Fighting
   243 | D:1      | Reached XP level 2. HP: 20/23 MP: 4/4
  1115 | D:2      | HP: 1/23 [jackal (1)]
  1377 | D:3      | Reached XP level 3. HP: 28/28 MP: 5/5
  2073 | D:3      | Reached XP level 4. HP: 36/36 MP: 6/6
  2185 | D:3      | Found a runed translucent gate.
  2185 | D:3      | Found a runed translucent gate.
  2290 | D:3      | Found a runed translucent gate.
  2292 | D:3      | Noticed Pi314's ghost (amateur DsFE)
  2474 | D:4      | Found a staircase to the Ecumenical Temple.
  2510 | D:4      | Reached skill level 1 in Evocations
  2517 | D:4      | Reached XP level 5. HP: 40/42 MP: 7/7
  2994 | D:4      | Noticed an ogre
  3014 | D:4      | Killed an ogre
  3015 | D:4      | Reached XP level 6. HP: 8/51 MP: 8/8
  3445 | D:5      | Entered Level 5 of the Dungeon
  3653 | D:5      | HP: 2/51 [orc priest/nerve-wracking pain (3)]
  3821 | D:5      | Reached XP level 7. HP: 33/58 MP: 9/9
  4042 | D:5      | You fall into a shaft and drop 1 floor!
  4089 | D:6      | Found Xohaenih's Antique Weapon Boutique.
  4853 | D:6      | Slain by an orc

Illustrated notes

Levels and vault maps discovered:
D:1:      tekkud_arrival_beachfront_property, layout_basic
D:2:      layout_basic, ebering_ecumenical_altar_petrified
D:3:      layout_loops_corners, gammafunk_ghost_necromancy
D:4:      layout_loops_ring, minmay_temple_entry_statues_pillars,
          minmay_goblin_outpost
D:5:      layout_loops_ring, mainiacjoe_overflow_catwalk,
          serial_library_hellmonk_statue_hall, minmay_diced_spiral
D:6:      layout_gridville, grunt_dithmenos_shadows,
          nicolae_overflow_quartered_altars, serial_shops, nicolae_stop_n_shop_1

Skill      XL: |  1  2  3  4  5  6  7 |
---------------+----------------------+-----
Fighting       | 1 2 3 4 |  4.3
Dodging        | 2 3 |  3.7
Unarmed Combat | 3 4 |  4.2
Shapeshifting  | 3 4 |  4.7
Evocations     | 1 2 |  2.6

Action                     |  1- 3 |  4- 6 |  7- 9 || total
---------------------------+-------+-------+-------++-------
  Melee: Unarmed           |   120 |   106 |   117 ||   343
         Punch             |     1 |     2 |     1 ||     4
  Throw: Throwing net      |       |     1 |       ||     1
         Dart              |       |     3 |       ||     3
         Javelin           |       |     2 |       ||     2
  Evoke: Wand              |     1 |    19 |       ||    20
    Use: Scroll            |       |    11 |     3 ||    14
         Potion            |       |     1 |     2 ||     3
   Stab: Sleeping          |     2 |     1 |       ||     3
 Armour: Animal skin       |    55 |     7 |       ||    62
         Leather armour    |       |    50 |    95 ||   145
  Dodge: Dodged            |    88 |    64 |    96 ||   248

Table legend: (Time is in decaauts)
 A = Elapsed time spent in this place.
 B = Non-inter-level travel time spent in this place.
 C = Inter-level travel time spent in this place.
 D = Time resting spent in this place.
 E = Time spent auto-exploring this place.
 F = Levels seen in this place.
 G = Mean time per level.
                   A        B        C        D        E       F      G
               +--------+--------+--------+--------+--------+-----+--------+
         Total |   4833 |   4567 |    266 |    114 |   3714 |   6 |  805.5 |
       Dungeon |   4833 |   4567 |    266 |    114 |   3714 |   6 |  805.5 |
               +--------+--------+--------+--------+--------+-----+--------+

Top non-repeatable levels by time:
     D:3: 1215 daAuts
     D:5: 1214 daAuts
     D:4: 968 daAuts
     D:1: 644 daAuts
     D:2: 608 daAuts
     D:6: 181 daAuts
